AoeStats
← Iwwan

Golden Pit

510252269Analyzed
1v1 RM · 1d ago on Sep 30, 2026· 29m 41s· 2 players
Game mode
Random Map
Map size
Tiny (2 player)
Population
200
Speed
Normal
Resources
Standard
Victory
Conquest
Starting age
Dark Age
Ending age
Imperial Age
RankedLock teamsTeams togetherTeam positionsShared explorationLock speedFull tech treeHidden civsTurbo modeCheats
Victory
Defeat
🇮🇳 Cumans · India
902
+16
🇦🇺 Italians · Australia
910
-38
DoT$eN
10:50 Feudal Age
11:34 Double-Bit Axe
15:33 Loom
19:41 Castle Age
20:47 Bow Saw
20:45 Horse Collar
23:14 Stone Mining
24:28 Scale Barding Armor
26:29 Forging
Iwwan
12:11 Feudal Age
13:08 Double-Bit Axe
14:05 Wheelbarrow
14:04 Gold Mining
30:56 Castle Age
Connection lost

Rejoining the realm…

Still unreachable

The connection could not be restored.

Session expired

The server has moved on; the page needs a fresh start.